 Dungeon Crawl Stone Soup version 0.14-a0-1570-g671a4b6 (webtiles) character file.

186 M4edhros the Changer (level 4, -2/28 HPs)
             Began as an Octopode Transmuter on Dec 21, 2013.
             Slain by a giant frog (9 damage)
             ... on Level 3 of the Dungeon.
             The game lasted 00:01:41 (1967 turns).

M4edhros the Changer (Octopode Transmuter)          Turns: 1967, Time: 00:01:42

HP  -2/28        AC  1     Str  9      XL: 4   Next: 32%
MP   6/7         EV 12     Int 16      God:
Gold 110         SH  0     Dex 12      Spells:  1 memorised,  6 levels left

rFire  . . .     SeeInvis .       - Unarmed
rCold  . . .     Clarity  .     (no shield)
rNeg   . . .     Conserve .     (helmet restricted)
rPois  .         rCorr    .     (no amulet)
rElec  .         rRot     .     (no ring)
SustAb . .       Spirit   .     (no ring)
rMut   .         Warding  .     (no ring)
Saprov . . .     Stasis   .     (no ring)
                                (no ring)
                                (no ring)
                                (no ring)
                                (no ring)

@: appendage, slightly resistant to hostile enchantments, fairly stealthy
A: almost no armour, amphibious, 8 rings, constrict 8, spike 3, camouflage 1,
gelatinous body 1
a: End Transformation


You were on level 3 of the Dungeon.
You were not hungry.
One of your tentacles had a temporary spike.
You visited 1 branch of the dungeon, and saw 3 of its levels.

You collected 110 gold pieces.

Inventory:

Missiles
 b - 12 arrows
Comestibles
 a - a bread ration
 f - 2 apricots
 i - a choko
 j - 3 oranges
Scrolls
 c - 2 scrolls of fog {unknown}
 e - a scroll of blinking {unknown}
 h - a scroll of random uselessness {unknown}
 k - a scroll of enchant weapon II {unknown}
Potions
 g - 2 potions of curing
 l - a potion of heal wounds {unknown}
Books
 d - a book of Changes

   Spells                             Type                      Level
   *Beastly Appendage                 Transmutation                1
   Sticks to Snakes                   Transmutation                2
   Spider Form                        Transmutation/Poison         3
   Ice Form                           Ice/Transmutation            4
   Blade Hands                        Transmutation                5


   Skills:
 - Level 1.0 Fighting
 - Level 2.0 Dodging
 - Level 3.0 Unarmed Combat
 - Level 2.0 Spellcasting
 + Level 4.4 Transmutations


You had 6 spell levels left.
You knew the following spells:

 Your Spells              Type           Power        Failure   Level  Hunger
a - Beastly Appendage     Trmt           ###...       4%          1    #......


Dungeon Overview and Level Annotations

Branches:
Dungeon (3/16)

Altars:
Fedhas


Innate Abilities, Weirdness & Mutations

You cannot wear most types of armour.
You are amphibious.
You can wear up to eight rings at the same time.
You can use your tentacles to constrict many enemies at once.
Your skin changes colour to match your surroundings (Stlth).
Your rubbery body absorbs attacks (AC +1).
One of your tentacles bears a large vicious spike.


Message History

Confirm with . or Enter, or press ? or * to list all spells.
One of your tentacles grows a vicious spike.
The giant frog misses you.
You closely miss the giant frog. Your grab misses the giant frog.
You pierce the giant frog.
You squeeze the giant frog!
The giant frog is severely wounded.
The giant frog hits you! The giant frog barely misses you.
You barely miss the giant frog. Your grab misses the giant frog.
The giant frog is severely wounded.
The giant frog barely misses you.
You closely miss the giant frog. Your grab misses the giant frog.
Your tentacle spike misses the giant frog.
The giant frog is severely wounded.
The giant frog hits you.
You barely miss the giant frog. You grab the giant frog.
The giant frog is severely wounded.
You constrict the giant frog. The giant frog hits you.
* * * LOW HITPOINT WARNING * * *
The giant frog hits you!
You die...

.#.####.###.....# #.#
#.####.#..####.#
#.#...........<#
##.#.####.#.##....######
.......)...)......#
##.#.####.#.........
#...............#.
######..........# #
#@..........
##F.......## ......[.
.#.##.# ..$.. < .#.##.
.# .. #


You could see a giant frog.

Vanquished Creatures
  2 adders (D:2)
  An inept item mimic (D:2)
  2 worms (D:2)
  An orc (D:2)
  2 ball pythons
  6 bats
  2 giant cockroaches
  4 goblins
  3 hobgoblins (D:2)
  3 kobolds (D:2)
  A giant newt (D:1)
  5 jackals
  5 rats
37 creatures vanquished.

Notes
Turn   | Place    | Note
--------------------------------------------------------------
     0 | D:1      | M4edhros, the Octopode Transmuter, began the quest for the Orb.
     0 | D:1      | Reached XP level 1. HP: 13/13 MP: 3/3
   266 | D:1      | Reached XP level 2. HP: 12/18 MP: 4/4
   885 | D:2      | Reached XP level 3. HP: 7/23 MP: 6/6
  1262 | D:2      | Reached skill level 4 in Transmutations
  1285 | D:2      | Reached XP level 4. HP: 9/28 MP: 7/7
  1314 | D:2      | Found a blossoming altar of Fedhas.
  1958 | D:3      | Noticed a giant frog
  1967 | D:3      | Slain by a giant frog

Action                   |  1- 3 |  4- 6 || total
-------------------------+-------+-------++-------
Melee: Unarmed           |    73 |    28 ||   101
 Cast: Beastly Appendage |     3 |     2 ||     5
  Use: Potion            |     1 |     3 ||     4
 Stab: Sleeping          |     3 |     3 ||     6
